 Dungeon Crawl Stone Soup version 0.22.1-2-g9c5b331383 (webtiles) character file.

1319 Elric the Cleaver (level 8, -2/74 HPs)
             Began as a Hill Orc Fighter on Dec 10, 2018.
             Slain by a steam dragon (8 damage)
             ... on level 6 of the Dungeon.
             The game lasted 00:06:14 (5373 turns).

Elric the Cleaver (Hill Orc Fighter)                Turns: 5373, Time: 00:06:15

Health: -2/74      AC: 13    Str: 19 (21) XL:     8   Next: 59%
Magic:  8/8        EV:  8    Int: 11 (13) God:
Gold:   354        SH:  9    Dex: 12 (15) Spells: 7/7 levels left

rFire    . . .     SeeInvis .   a - +0 war axe
rCold    + . .     Gourm    .   c - +0 shield
rNeg     . . .     Faith    .   C - +0 plate armour
rPois    .         Spirit   .   (no helmet)
rElec    .         Reflect  .   B - +0 cloak
rCorr    .         Harm     .   (no gloves)
MR       .....                  l - +0 pair of boots
Stlth    ..........             j - amulet of magic regeneration
HPRegen  0.22/turn              (no ring)
MPRegen  0.36/turn              r - ring of protection from cold

@: brilliant, agile, flying
A: no striking features
a: no special abilities


You were on level 6 of the Dungeon.
You were not hungry.

You visited 1 branch of the dungeon, and saw 6 of its levels.

You collected 354 gold pieces.

Inventory:

Hand Weapons
 a - a +0 war axe (weapon)
Missiles
 t - 8 javelins (quivered)
Armour
 b - a +0 scale mail
 c - a +0 shield (worn)
 l - a +0 pair of boots (worn)
 B - a +0 cloak (worn)
 C - a +0 plate armour (worn)
Jewellery
 j - an amulet of magic regeneration (around neck)
 r - a ring of protection from cold (right hand)
 x - an uncursed amulet of the acrobat {unknown}
Wands
 e - a wand of acid (6)
 p - a wand of digging (3)
 A - a wand of flame (27)
Scrolls
 h - a scroll of remove curse
 i - 4 scrolls of teleportation {unknown}
 m - 2 scrolls of fear {unknown}
 o - 2 scrolls of fog {unknown}
 q - 4 scrolls of identify {unknown}
 u - 2 scrolls of magic mapping {unknown}
 y - a scroll of enchant weapon {unknown}
Potions
 d - a potion of might
 k - a potion of lignification {unknown}
 n - a potion of agility
 v - a potion of flight
 w - a potion of magic {unknown}
 z - a potion of ambrosia {unknown}
Comestibles
 f - 12 rations


   Skills:
 + Level 7.9 Fighting
 * Level 11.0 Axes
 - Level 3.2 Armour
 - Level 3.2 Shields


You had 7 spell levels left.
You didn't know any spells.
Your spell library contained the following spells:

 Spells                   Type           Power        Failure   Level  Hunger
 Animate Skeleton         Necr           N/A          98%         1    ##.....
 Apportation              Tloc           #.....       98%         1    ##.....
 Confusing Touch          Hex            #.....       98%         1    ##.....
 Summon Small Mammal      Summ           #...         98%         1    ##.....


Dungeon Overview and Level Annotations

Branches:
Dungeon (6/15)
 Temple: D:4-7

Altars:
Ashenzari


Message History

It was a potion of flight.
You feel very buoyant.
You fly up into the air.
The fungus is engulfed in a cloud of scalding steam. x2
The steam dragon bites you.
* * * LOW HITPOINT WARNING * * *
You block the steam dragon's attack. x2
The steam dragon claws you but does no damage.
It was a potion of degeneration.
There was something very wrong with that liquid.
You feel weakened.
You feel dopey.
You feel clumsy. You block the steam dragon's attack. x2
The steam dragon bites you but does no damage.
The steam dragon closely misses you.
It was a potion of brilliance.
You feel clever all of a sudden. The steam dragon completely misses you.
The steam dragon claws you.
* * * LOW HITPOINT WARNING * * *
The steam dragon bites you!
You die...

#### #### ##.P≈# #
##.≈..≈## ########
#≈≈...P.#########≈P≈...≈
#≈.....DP..PP.P≈P.......
#≈....D@.........P≈P.P≈.
##P/..≈≈..≈...#######P.P
#..≈PP.####### ###≈
###.P### ## ###


You could see 2 steam dragons.

Vanquished Creatures
  Menkaure (D:5)
  2 ogres
  3 centaurs (D:5)
  4 scorpions
  A howler monkey (D:4)
  A crimson imp (D:5)
  A jelly (D:5)
  A hound (D:4)
  An orc priest (D:6)
  2 orc wizards
  A bullfrog skeleton (D:4)
  A centaur skeleton (D:4)
  Ijyb (D:5)
  3 worker ants (D:5)
  11 adders
  2 shadow imps (D:5)
  An adder skeleton (D:3)
  A worm (D:2)
  5 dart slugs
  3 leopard geckos
  14 orcs
  2 ball pythons
  5 giant cockroaches
  7 goblins
  8 hobgoblins
  2 jackals (D:4)
  2 quokkas
  6 bats
  5 frilled lizards
  10 kobolds
  A quokka zombie (D:5)
  6 rats
114 creatures vanquished.

Notes
Turn   | Place    | Note
-------+----------+-------------------------------------------
     0 | D:1      | Elric the Hill Orc Fighter began the quest for the Orb.
     0 | D:1      | Reached XP level 1. HP: 19/19 MP: 1/1
   102 | D:1      | Reached skill level 3 in Axes
   145 | D:1      | Reached XP level 2. HP: 21/27 MP: 2/2
   483 | D:1      | Reached skill level 4 in Axes
   518 | D:1      | Reached XP level 3. HP: 27/33 MP: 3/3
   930 | D:2      | Reached XP level 4. HP: 38/41 MP: 4/4
   976 | D:2      | Reached skill level 5 in Axes
  1521 | D:3      | Reached XP level 5. HP: 35/47 MP: 5/5
  1605 | D:3      | Reached skill level 5 in Fighting
  1605 | D:3      | Reached skill level 6 in Axes
  2499 | D:4      | Reached XP level 6. HP: 55/56 MP: 6/6
  2526 | D:4      | Reached skill level 7 in Axes
  2658 | D:4      | Found a shattered altar of Ashenzari.
  2947 | D:4      | Reached skill level 8 in Axes
  2947 | D:4      | Reached XP level 7. HP: 51/63 MP: 7/7
  3447 | D:5      | Entered Level 5 of the Dungeon
  3597 | D:5      | Noticed Ijyb
  3608 | D:5      | Killed Ijyb
  3672 | D:5      | Reached skill level 9 in Axes
  4030 | D:5      | Reached XP level 8. HP: 44/73 MP: 8/8
  4228 | D:5      | Reached skill level 10 in Axes
  4788 | D:5      | Noticed Menkaure
  4793 | D:5      | Killed Menkaure
  5058 | D:6      | Reached skill level 11 in Axes
  5373 | D:6      | Slain by a steam dragon

Skill      XL: |  1  2  3  4  5  6  7  8 |
---------------+-------------------------+-----
Axes           | 3 4 5 6 8 9 11 | 11.0
Fighting       | 4 5 6 7 |  7.9
Armour         | |  3.2
Shields        | |  3.2

Action                   |  1- 3 |  4- 6 |  7- 9 || total
-------------------------+-------+-------+-------++-------
Melee: War axe           |    98 |   175 |   167 ||   440
Throw: Javelin           |       |     8 |     2 ||    10
  Use: Scroll            |       |       |     2 ||     2
       Potion            |       |       |     5 ||     5
  Eat: Chunk             |       |     6 |     9 ||    15
Armor: Scale mail        |    39 |    63 |    13 ||   115
       Plate armour      |       |       |    66 ||    66
Dodge: Dodged            |    35 |    50 |    22 ||   107
Block: Shield            |    41 |    87 |    75 ||   203
